 Dungeon Crawl Stone Soup version 0.27.1 (webtiles) character file.

Game seed: 16664237129667247554

44 pkoi the Insei (level 3, -4/29 HPs)
             Began as a Demonspawn Monk on Aug 24, 2021.
             Killed from afar by a white imp (7 damage)
             ... with a puff of frost
             ... summoned by the player character
             ... on level 2 of the Dungeon.
             The game lasted 00:01:20 (1751 turns).

pkoi the Insei (Demonspawn Monk)                    Turns: 1751, Time: 00:01:22

Health: -4/29      AC:  2    Str: 12    XL:     3   Next: 39%
Magic:  3/3        EV: 12    Int: 11    God:
Gold:   49         SH:  0    Dex: 15    Spells: 2/2 levels left

rFire    . . .     SeeInvis .     - Unarmed
rCold    . . .     Faith    .   (no shield)
rNeg     . . .     Spirit   .   a - +0 robe
rPois    .         Reflect  .   (no helmet)
rElec    .         Harm     .   (no cloak)
rCorr    .         Rampage  .   (no gloves)
Will     .....                  (no boots)
Stlth    ++........             (no amulet)
HPRegen  0.09/turn              (no ring)
MPRegen  0.08/turn              (no ring)

@: no status effects
A: demonic guardian 1
a: no special abilities


You were on level 2 of the Dungeon.
You visited 1 branch of the dungeon, and saw 2 of its levels.

You collected 49 gold pieces.

Inventory:

Armour
 a - a +0 robe (worn)
Scrolls
 c - 2 scrolls of enchant armour {unknown}
 d - a scroll of teleportation {unknown}
 e - a scroll of noise {unknown}
Potions
 b - 2 potions of curing {unknown}
 f - a potion of heal wounds {unknown}


   Skills:
 - Level 3.0 Fighting
 - Level 2.6 Dodging
 - Level 1.7 Stealth
 + Level 4.1 Unarmed Combat


You had 2 spell levels left.
You didn't know any spells.
Your spell library contained the following spells:

 Spells                   Type           Power      Damage    Failure   Level
 Corona                   Hex            0%         N/A       34%         1
 Ensorcelled Hibernation  Hex/Ice        0%         N/A       47%         2
 Ozocubu's Armour         Ice            0%         N/A       71%         3
 Tukima's Dance           Hex            0%         N/A       71%         3
 Metabolic Englaciation   Hex/Ice        0%         N/A       100%        5
 Simulacrum               Ice/Necr       0%         N/A       100%        6


Dungeon Overview and Level Annotations

Branches:
Dungeon (2/15)

Altars:


Innate Abilities, Weirdness & Mutations

A weak demonic guardian rushes to your aid.


Message History

The goblin closely misses you.
You hit the goblin.
You kill the goblin!
The black bear bites you. The black bear claws you.
The black bear completely misses you.
You see here a +0 club.
You hit the black bear but do no damage.
The black bear bites you!
A demonic guardian appears!
The black bear claws you.
* * * LOW HITPOINT WARNING * * *
The black bear barely misses you.
You are too injured to fight recklessly!
You are too injured to fight recklessly!
You are too injured to fight recklessly!
You are too injured to fight recklessly!
You are too injured to fight recklessly!
You are too injured to fight recklessly!
A black bear is nearby!
A black bear is nearby!
Your white imp gestures at the black bear.
The puff of frost hits the black bear.
You hit the black bear.
The black bear is moderately wounded.
The black bear bites you.
* * * LOW HITPOINT WARNING * * *
The black bear claws you.
* * * LOW HITPOINT WARNING * * *
The black bear claws you.
* * * LOW HITPOINT WARNING * * *
Your white imp hits the black bear but does no damage.
There is an open door here.
Your white imp gestures at the black bear.
The puff of frost hits the black bear!
Your white imp hits the black bear.
Your white imp freezes the black bear.
The black bear bites your white imp.
The black bear claws your white imp but does no damage.
The black bear claws your white imp.
Your white imp gestures at the black bear.
The puff of frost misses the black bear.
The puff of frost hits you!
You die...

..... #....# ## ......##....#
.# #######.... .....#
.########........#####.#.####.
...#....'.[......+.?..).......
...#.####........#####.#......
...#.# #........#####.# #####
...#.####............#.######
...')[..........@...h5........
...#.#########.......#...#####
..†.....[....................
...#.#########...#######.####
...#......# #...# .#
..........# ##### .#
..........# .# ......#.###
......+.#


You could see a black bear (ally target) and a friendly white imp (summoned).

Vanquished Creatures
  A dart slug (D:1)
  5 ball pythons
  5 endoplasms (D:1)
  2 giant cockroaches (D:1)
  6 goblins
  3 hobgoblins
  3 jackals (D:2)
  A frilled lizard (D:2)
  6 kobolds
  4 rats
36 creatures vanquished.

Vanquished Creatures (collateral kills)
  A goblin (D:1)
1 creature vanquished.

Grand Total: 37 creatures vanquished

Notes
Turn   | Place    | Note
-------+----------+-------------------------------------------
     0 | D:1      | pkoi the Demonspawn Monk began the quest for the Orb.
     0 | D:1      | Reached XP level 1. HP: 18/18 MP: 1/1
    67 | D:1      | Reached skill level 3 in Unarmed Combat
   119 | D:1      | Gained mutation: A weak demonic guardian rushes to your
                  | aid. [demonic ancestry]
   119 | D:1      | Reached XP level 2. HP: 21/24 MP: 2/2
  1168 | D:1      | Reached XP level 3. HP: 29/29 MP: 3/3
  1503 | D:2      | Reached skill level 4 in Unarmed Combat
  1735 | D:2      | Noticed a black bear
  1751 | D:2      | Killed from afar by a white imp

Illustrated notes

Levels and vault maps discovered:
D:1:      dpeg_arrival_pits, layout_basic, serial_co_window_serial,
          co_window_corner_a, co_window_of_opportunity_a, co_window_corner_a,
          co_window_corner_a, co_window_paths_a, co_window_corner_ca,
          co_window_of_opportunity_b, co_window_broadway_a, co_window_paths_c,
          co_window_cross_2, co_window_of_opportunity_b, glass_columns_b,
          glass_columns_a, glass_columns_a, serial_bayou_pond_a,
          chequers_serial_rivers_micro_a, minmay_pentomino_s4
D:2:      layout_basic, basic_altar

Skill      XL: |  1  2  3 |
---------------+----------+-----
Unarmed Combat | 3 4 |  4.1
Fighting       | |  3.0
Dodging        | |  2.6
Stealth        | |  1.7

Action                   || total
-------------------------++-------
Melee: Unarmed           ||   103
       Punch             ||     2
 Stab: Sleeping          ||     4
Armor: Robe              ||    21
Dodge: Dodged            ||    57
